Wranglers vs Rockets
(R1)
Created - November 5, 2024 at 20:23
Goals
|
Wranglers |
1 |
1 |
5 |
7 |
Rockets |
1 |
2 |
0 |
3 |
|
Shots
|
Wranglers |
7 |
12 |
11 |
30 |
Rockets |
9 |
11 |
9 |
29 |
|
1st period
1. Wranglers , Peter Cehlarik 10 (Barclay Goodrow 7, Nico Sturm 11) at 9:48 (PP)
2. Rockets , Jacob De La Rose 1 (Matias Maccelli 4, Nick Blankenburg 2) at 17:18
Penalties :
Phillip Danault (Cal) for Interference (Minor) at 1:18, Nick Blankenburg (Lav) for Holding (Minor) at 9:43, Jesper Bratt (Cal) for Holding (Minor) at 10:27, Moritz Seider (Lav) for Butt-ending (Major / Game Misconduct) at 10:34, Ryan Donato (Cal) for Slashing (Minor) at 18:29
2nd period
3. Rockets , Eric Karlsson 1 (Kirby Dach 3, Jeff Corbett 3) at 10:06
4. Wranglers , Chandler Stephenson 3 (Ryan Donato 1) at 15:14
5. Rockets , Jacob Larsson 1 (Tage Thompson 2, Nick Blankenburg 3) at 15:28
Penalties :
Ryan Spooner (Cal) for High sticking (Minor) at 3:52, Jacob Bryson (Lav) for Roughing (Minor) at 18:31
3rd period
6. Wranglers , Barclay Goodrow 4 (Frank Corrado 5) at 4:21 (PP)
7. Wranglers , Peter Cehlarik 11 (Nico Sturm 12) at 4:41 (PP)
8. Wranglers , Dominik Masin 1 (Phillip Danault 4, Vitali Kravtsov 3) at 7:45
9. Wranglers , Nico Sturm 5 (Erik Brannstrom 8, Frank Corrado 6) at 8:08
10. Wranglers , Ryan Spooner 2 (Taylor Raddysh 4, Trevor Carrick 3) at 13:02
Penalties :
Jayden Struble (Lav) for Tripping (Minor) at 3:44, Matias Maccelli (Lav) for High sticking (Minor) at 4:38, Nick Suzuki (Lav) for Tripping (Minor) at 15:21
Goalie Stats
Vitek Vanecek (Cal), 26 saves from 29 shots - (0.897), W, 4-1-0, 60:00 minutes
Justus Annunen (Lav), 20 saves from 26 shots - (0.769), L, 3-1-1, 48:08 minutes
Pyotr Kochetkov (Lav), 3 saves from 4 shots - (0.750), 11:52 minutes
Players Stats for Wranglers
Player Name G A P +/- PIM S H SB GA TA FO MP PP MP PK MP
------------------------------------------------------------------------------------
Barclay Goodrow 1 1 2 -1 0 2 3 0 1 0 0/1 20:35 4:21 1:14
Brandon Hickey 0 0 0 0 0 0 0 1 0 2 0/0 22:11 2:30 2:36
Chandler Stephenson 1 0 1 0 0 2 3 1 0 0 5/10 15:08 2:30 1:19
Christian Jaros 0 0 0 0 0 0 1 1 0 1 0/0 22:44 2:30 2:36
Dominik Masin 1 0 1 2 0 2 1 1 0 1 0/0 17:06 1:11 3:28
Erik Brannstrom 0 1 1 -1 0 2 2 1 0 0 0/0 20:52 4:14 0:00
Frank Corrado 0 2 2 -1 0 1 0 2 1 2 0/0 26:38 4:01 3:28
Jesper Bratt 0 0 0 0 2 0 1 1 1 0 0/0 13:25 3:04 0:00
Nico Sturm 1 2 3 -1 0 4 4 0 0 2 16/37 22:39 3:56 2:45
Peter Cehlarik 2 0 2 -1 0 4 3 1 1 1 0/1 21:39 3:55 1:44
Phillip Danault 0 1 1 1 2 4 2 2 0 0 4/7 14:49 0:51 2:40
Ryan Donato 0 1 1 0 2 1 0 0 0 0 0/0 12:17 1:15 0:07
Ryan Spooner 1 0 1 1 2 2 2 1 1 0 4/8 10:56 0:09 2:16
Tanner Jeannot 0 0 0 1 0 1 0 0 0 0 0/1 10:46 2:47 0:00
Taylor Raddysh 0 1 1 1 0 1 0 0 0 0 0/0 8:39 0:42 0:00
Trevor Carrick 0 1 1 2 0 1 3 1 0 0 0/0 10:29 1:14 0:00
Vitali Kravtsov 0 1 1 1 0 2 1 0 2 0 0/0 10:35 0:00 0:03
Vladislav Kamenev 0 0 0 1 0 1 0 0 0 1 0/0 10:32 0:00 0:00
Players Stats for Rockets
Player Name G A P +/- PIM S H SB GA TA FO MP PP MP PK MP
------------------------------------------------------------------------------------
Alex Newhook 0 0 0 -1 0 0 2 0 0 0 0/0 12:55 2:23 0:54
Aliaksei Protas 0 0 0 0 0 0 1 0 0 0 0/0 8:25 0:00 0:00
Arber Xhekaj 0 0 0 -2 0 0 2 2 0 0 0/0 17:12 0:00 2:21
Bowen Byram 0 0 0 0 0 0 0 2 0 0 0/0 11:40 2:19 0:00
Brady Tkachuk 0 0 0 -1 0 1 2 0 2 0 4/7 18:50 3:41 0:09
Cole Caufield 0 0 0 1 0 3 0 0 0 0 0/0 17:20 3:41 0:00
Eric Karlsson 1 0 1 0 0 5 0 0 0 0 0/0 11:23 0:00 2:55
Jacob Bryson 0 0 0 -1 2 4 0 0 0 0 0/0 13:18 0:00 2:12
Jacob De La Rose 1 0 1 1 0 2 0 0 1 0 2/6 5:42 0:00 1:05
Jacob Larsson 1 0 1 0 0 1 1 0 0 1 0/0 18:28 2:19 2:27
Jayden Struble 0 0 0 1 2 0 0 0 0 0 0/0 13:08 0:00 0:43
Jeff Corbett 0 1 1 0 0 0 0 0 1 2 0/0 19:47 0:00 4:39
Josh Anderson 0 0 0 -1 0 2 1 1 1 0 0/0 21:02 4:19 3:20
Kirby Dach 0 1 1 0 0 3 1 0 0 0 4/5 11:23 2:23 0:03
Matias Maccelli 0 1 1 1 2 2 0 1 1 0 0/0 16:38 2:23 0:00
Moritz Seider 0 0 0 0 15 1 0 0 0 0 0/0 4:07 1:25 0:00
Nick Blankenburg 0 2 2 0 2 0 2 2 0 1 0/0 20:37 1:45 3:35
Nick Suzuki 0 0 0 -1 2 2 1 3 3 1 21/37 24:29 3:41 2:12
Tage Thompson 0 1 1 -1 0 0 0 1 1 2 0/1 10:41 0:00 1:17
Zach Stepan 0 0 0 -1 0 3 0 0 0 0 5/9 13:07 0:00 3:28
3 Stars
1 - Nico Sturm (Cal)
2 - Peter Cehlarik (Cal)
3 - Dominik Masin (Cal)
Power Play
Wranglers - 3 on 6 Attempt(s) - 50.00%
Rockets - 0 on 4 Attempt(s) - 0.00%
Penalty Kill
Wranglers - 4 on 4 Attempt(s) - 100.00%
- Score 0 goal in Penalty Kill
Rockets - 3 on 6 Attempt(s) - 50.00%
- Score 0 goal in Penalty Kill
Team Stat
Wranglers - Hits : 26 - Faceoff Wins : 29 - Blocked Shots : 13 - Penalty Minutes : 8
Rockets - Hits : 13 - Faceoff Wins : 36 - Blocked Shots : 12 - Penalty Minutes : 25
Official
Referees : Ghislain Hebert and Furman South
Linesman : Libor Suchanek and Kory Nagy
Game Notes
Moritz Seider (Lav) for Butt-ending (Major / Game Misconduct) at 10:34
Moritz Seider ejected from game at 10:34 of 1st period
Jacob De La Rose is injured at 2:00 of 2nd period (Bruised Left Arm)
10:06 of 2nd period - Rockets goal is going for a video replay. After video review, Goal.
Pyotr Kochetkov enters game at 8:08 of 3rd period
Finance
Level 1 -- Attendance: 1961 (98.05%) -- Ticket Income $137,270
Level 2 -- Attendance: 1000 (100.00%) -- Ticket Income $40,000
Total Attendance: 2961 (98.70%)
Total Ticket Income: $177,270
Other Income: $8,864
Total Income: $186,134
Wranglers
5 vs 5 Forward
Center Left Wing Right Wing Time % Phy DF OF
1 Nico Sturm Peter Cehlarik Barclay Goodrow 40 1 2 2
2 Chandler Stephenson Jesper Bratt Ryan Donato 30 1 2 2
3 Ryan Spooner Tanner Jeannot Taylor Raddysh 20 1 2 2
4 Phillip Danault Vitali Kravtsov Vladislav Kamenev 10 1 2 2
5 vs 5 Defense
Defense Defense Time % Phy DF OF
1 Erik Brannstrom Frank Corrado 40 1 2 2
2 Brandon Hickey Christian Jaros 30 1 2 2
3 Dominik Masin Trevor Carrick 20 1 2 2
4 Brandon Hickey Christian Jaros 10 1 2 2
PowerPlay Forward
Center Left Wing Right Wing Time % Phy DF OF
1 Nico Sturm Peter Cehlarik Barclay Goodrow 60 1 2 2
2 Chandler Stephenson Jesper Bratt Tanner Jeannot 40 1 2 2
PowerPlay Defense
Defense Defense Time % Phy DF OF
1 Erik Brannstrom Frank Corrado 60 1 2 2
2 Brandon Hickey Christian Jaros 40 1 2 2
Penalty Kill 4 Players Forward
Center Wing Time % Phy DF OF
1 Ryan Spooner Phillip Danault 60 1 2 2
2 Nico Sturm Barclay Goodrow 40 1 2 2
Penalty Kill 4 Players Defense
Defense Defense Time % Phy DF OF
1 Dominik Masin Frank Corrado 60 1 2 2
2 Brandon Hickey Christian Jaros 40 1 2 2
Penalty Kill - 3 Players Forward
Forward Time % Phy DF OF
1 Ryan Spooner 60 1 2 2
2 Nico Sturm 40 1 2 2
Penalty Kill - 3 Players Defense
Defense Defense Time % Phy DF OF
1 Dominik Masin Frank Corrado 60 1 2 2
2 Brandon Hickey Christian Jaros 40 1 2 2
4 vs 4 Forward
Center Wing Time % Phy DF OF
1 Nico Sturm Peter Cehlarik 60 1 2 2
2 Chandler Stephenson Phillip Danault 40 1 2 2
4 vs 4 Defense
Defense Defense Time % Phy DF OF
1 Dominik Masin Frank Corrado 60 1 2 2
2 Brandon Hickey Christian Jaros 40 1 2 2
Last Minutes Offensive
Center Left Wing Right Wing Defense Defense
Nico Sturm Peter Cehlarik Barclay Goodrow Erik Brannstrom Frank Corrado
Last Minutes Defensive
Center Left Wing Right Wing Defense Defense
Nico Sturm Peter Cehlarik Barclay Goodrow Dominik Masin Frank Corrado
Goaltenders
Starting : Vitek Vanecek
Backup : Joel Hofer
Extra Forwards
Normal : Jesper Bratt, Peter Cehlarik, Nico Sturm - PP : Jesper Bratt, Chandler Stephenson - PK : Nico Sturm
Extra Defensemen
Normal : Christian Jaros, Brandon Hickey, Dominik Masin - PP : Dominik Masin - PK : Erik Brannstrom, Christian Jaros
Penalty Shots
Jesper Bratt, Peter Cehlarik, Nico Sturm, Chandler Stephenson, Barclay Goodrow
Custom OT Lines Forwards
Ryan Spooner, Peter Cehlarik, Chandler Stephenson, Nico Sturm, Jesper Bratt, Taylor Raddysh, Phillip Danault, Ryan Donato, Barclay Goodrow, Vladislav Kamenev
Custom OT Lines Defensemen
Erik Brannstrom, Frank Corrado, Brandon Hickey, Christian Jaros, Dominik Masin
Scratches
Filip Hallander (Healthy), Skyler Brind'Amour (Healthy), Darren Raddysh (Healthy), Tim Berni (Healthy), Petteri Lindbohm (Healthy)
Ivan Chekhovich (Healthy), Radim Zohorna (Healthy), Demetrios Koumontzis (Healthy), Zac Jones (Healthy), Yegor Zaitsev (Healthy)
Lucas Feuk (Healthy), Kaapo Kakko (Healthy), Cole Schwindt (Healthy), Collin Delia (Healthy)
Rockets
5 vs 5 Forward
Center Left Wing Right Wing Time % Phy DF OF
1 Nick Suzuki Brady Tkachuk Josh Anderson 40 1 2 2
2 Jacob De La Rose Matias Maccelli Cole Caufield 30 1 2 2
3 Zach Stepan Alex Newhook Tage Thompson 20 1 2 2
4 Kirby Dach Eric Karlsson Aliaksei Protas 10 1 2 2
5 vs 5 Defense
Defense Defense Time % Phy DF OF
1 Nick Blankenburg Jacob Larsson 30 1 3 1
2 Jeff Corbett Moritz Seider 30 1 3 1
3 Jacob Bryson Arber Xhekaj 20 2 3 0
4 Jayden Struble Bowen Byram 20 2 3 0
PowerPlay Forward
Center Left Wing Right Wing Time % Phy DF OF
1 Nick Suzuki Brady Tkachuk Cole Caufield 60 1 2 2
2 Kirby Dach Matias Maccelli Alex Newhook 40 1 2 2
PowerPlay Defense
Defense Defense Time % Phy DF OF
1 Josh Anderson Moritz Seider 60 1 2 2
2 Nick Blankenburg Jacob Larsson 40 1 2 2
Penalty Kill 4 Players Forward
Center Wing Time % Phy DF OF
1 Jacob De La Rose Josh Anderson 60 1 3 1
2 Zach Stepan Tage Thompson 40 1 3 1
Penalty Kill 4 Players Defense
Defense Defense Time % Phy DF OF
1 Nick Blankenburg Jeff Corbett 60 1 4 0
2 Jacob Larsson Jacob Bryson 40 1 4 0
Penalty Kill - 3 Players Forward
Forward Time % Phy DF OF
1 Jacob De La Rose 60 1 3 1
2 Josh Anderson 40 1 3 1
Penalty Kill - 3 Players Defense
Defense Defense Time % Phy DF OF
1 Nick Blankenburg Jacob Larsson 60 1 4 0
2 Jeff Corbett Jacob Bryson 40 1 4 0
4 vs 4 Forward
Center Wing Time % Phy DF OF
1 Nick Suzuki Josh Anderson 60 1 2 2
2 Jacob De La Rose Brady Tkachuk 40 1 2 2
4 vs 4 Defense
Defense Defense Time % Phy DF OF
1 Nick Blankenburg Jacob Larsson 60 1 2 2
2 Jeff Corbett Jacob Bryson 40 1 2 2
Last Minutes Offensive
Center Left Wing Right Wing Defense Defense
Nick Suzuki Brady Tkachuk Cole Caufield Moritz Seider Jacob Larsson
Last Minutes Defensive
Center Left Wing Right Wing Defense Defense
Jacob De La Rose Brady Tkachuk Josh Anderson Nick Blankenburg Jacob Larsson
Goaltenders
Starting : Justus Annunen
Backup : Pyotr Kochetkov
Extra Forwards
Normal : Brady Tkachuk, Matias Maccelli, Jacob De La Rose - PP : Tage Thompson, Zach Stepan - PK : Nick Suzuki
Extra Defensemen
Normal : Arber Xhekaj, Jayden Struble, Bowen Byram - PP : Bowen Byram - PK : Arber Xhekaj, Jayden Struble
Penalty Shots
Nick Suzuki, Jacob De La Rose, Josh Anderson, Zach Stepan, Cole Caufield
Custom OT Lines Forwards
Brady Tkachuk, Nick Suzuki, Jacob De La Rose, Josh Anderson, Zach Stepan, Eric Karlsson, Matias Maccelli, Tage Thompson, Cole Caufield, Alex Newhook
Custom OT Lines Defensemen
Nick Blankenburg, Jacob Larsson, Jeff Corbett, Jacob Bryson, Moritz Seider
Scratches
Grant Besse (Healthy), Hunter Drew (Healthy), Michael Pezzetta (Healthy), Zachary Gallant (Healthy), Nikita Okhotyuk (Healthy)
Ville Heinola (Healthy), Olle Eriksson Ek (Healthy)
% Time on Ice - Wranglers
Lines # - Real PCT - Wanted PCT - Time Play
Normal Forward
1 - 34% - 40% - 15:00
2 - 24% - 30% - 10:46
3 - 18% - 20% - 7:56
4 - 24% - 10% - 10:32
Normal Defense
1 - 42% - 40% - 18:41
2 - 32% - 30% - 14:05
3 - 21% - 20% - 9:15
4 - 5% - 10% - 2:13
PP Forward
1 - 59% - 60% - 4:38
2 - 41% - 40% - 3:12
PP Defense
1 - 68% - 60% - 5:20
2 - 32% - 40% - 2:30
PK Forward
1 - 80% - 60% - 4:50
2 - 20% - 40% - 1:14
PK Defense
1 - 57% - 60% - 3:28
2 - 43% - 40% - 2:36
PK3 Forward
1 - 0% - 60%
2 - 0% - 40%
PK3 Defense
1 - 0% - 60%
2 - 0% - 40%
44 Forward
1 - 82% - 60% - 1:32
2 - 18% - 40% - 0:20
44 Defense
1 - 63% - 60% - 1:10
2 - 38% - 40% - 0:42
Last Minute Offensive - 0:00
Last Minute Defensive - 0:00
Total
Forward - 60:00
Defense - 60:00
|
% Time on Ice - Rockets
Lines # - Real PCT - Wanted PCT - Time Play
Normal Forward
1 - 28% - 40% - 12:34
2 - 32% - 30% - 14:09
3 - 21% - 20% - 9:06
4 - 19% - 10% - 8:25
Normal Defense
1 - 31% - 30% - 13:35
2 - 32% - 30% - 14:13
3 - 16% - 20% - 7:05
4 - 21% - 20% - 9:21
PP Forward
1 - 61% - 60% - 3:41
2 - 39% - 40% - 2:23
PP Defense
1 - 71% - 60% - 4:19
2 - 29% - 40% - 1:45
PK Forward
1 - 84% - 60% - 6:33
2 - 16% - 40% - 1:17
PK Defense
1 - 60% - 60% - 4:42
2 - 40% - 40% - 3:08
PK3 Forward
1 - 0% - 60%
2 - 0% - 40%
PK3 Defense
1 - 0% - 60%
2 - 0% - 40%
44 Forward
1 - 72% - 60% - 1:21
2 - 28% - 40% - 0:31
44 Defense
1 - 80% - 60% - 1:30
2 - 20% - 40% - 0:22
Last Minute Offensive - 0:00
Last Minute Defensive - 0:00
Total
Forward - 60:00
Defense - 60:00
|
Play-by-Play
1st period
0:01 of 1st period - Nico Sturm wins face-off versus Nick Suzuki in neutral zone.
0:04 of 1st period - Wrist shot by Barclay Goodrow.
0:04 of 1st period - Deflect By Jacob Larsson.
0:04 of 1st period - Shot Blocked by Nick Blankenburg.
0:04 of 1st period - Puck is out of play.
0:05 of 1st period - Nico Sturm wins face-off versus Nick Suzuki in Rockets zone.
0:34 of 1st period - Wrist shot by Matias Maccelli.
0:34 of 1st period - Shot Misses the Net.
0:38 of 1st period - Snap shot by Matias Maccelli.
0:38 of 1st period - Stopped by Vitek Vanecek with a rebound.
0:40 of 1st period - Slapshot by Nick Blankenburg.
0:40 of 1st period - Deflect By Cole Caufield.
0:40 of 1st period - Shot Blocked by Frank Corrado.
0:40 of 1st period - Puck is out of play.
0:41 of 1st period - Ryan Spooner wins face-off versus Zach Stepan in Wranglers zone.
0:56 of 1st period - Slapshot by Taylor Raddysh.
0:56 of 1st period - Stopped by Justus Annunen without a rebound.
0:57 of 1st period - Kirby Dach wins face-off versus Phillip Danault in Rockets zone.
1:05 of 1st period - Jacob Bryson is hit by Trevor Carrick and loses puck.
1:18 of 1st period - Minor Penalty to Phillip Danault for Interference.
1:19 of 1st period - Nico Sturm wins face-off versus Nick Suzuki in Wranglers zone.
1:28 of 1st period - Nico Sturm is hit by Nick Suzuki and loses puck.
3:16 of 1st period - Icing by Josh Anderson.
3:17 of 1st period - Kirby Dach wins face-off versus Nico Sturm in Rockets zone.
3:18 of 1st period - Penalty to Phillip Danault is over, Phillip Danault is back on ice.
3:28 of 1st period - Snap shot by Phillip Danault.
3:28 of 1st period - Stopped by Justus Annunen without a rebound.
3:29 of 1st period - Zach Stepan wins face-off versus Chandler Stephenson in Rockets zone.
3:52 of 1st period - Snap shot by Kirby Dach.
3:52 of 1st period - Shot Misses the Net.
3:54 of 1st period - Slapshot by Jacob Bryson.
3:54 of 1st period - Deflect By Eric Karlsson.
3:54 of 1st period - Shot Blocked by Christian Jaros.
3:54 of 1st period - Puck is out of play.
3:55 of 1st period - Kirby Dach wins face-off versus Ryan Spooner in Wranglers zone.
3:56 of 1st period - Snap shot by Eric Karlsson.
3:56 of 1st period - Shot Blocked by Ryan Spooner.
4:02 of 1st period - Slapshot by Jacob Bryson.
4:02 of 1st period - Stopped by Vitek Vanecek with a rebound.
4:04 of 1st period - Slapshot by Eric Karlsson.
4:04 of 1st period - Stopped by Vitek Vanecek with a rebound.
4:47 of 1st period - Ryan Donato is hit by Alex Newhook and loses puck.
5:02 of 1st period - Snap shot by Alex Newhook.
5:02 of 1st period - Shot Blocked by Phillip Danault.
5:04 of 1st period - Wrist shot by Jeff Corbett.
5:04 of 1st period - Deflect By Matias Maccelli.
5:04 of 1st period - Shot Blocked by Phillip Danault.
5:04 of 1st period - Puck is out of play.
5:05 of 1st period - Jacob De La Rose wins face-off versus Phillip Danault in Wranglers zone.
5:18 of 1st period - Wrist shot by Jacob De La Rose.
5:18 of 1st period - Stopped by Vitek Vanecek with a rebound.
5:41 of 1st period - Snap shot by Peter Cehlarik.
5:41 of 1st period - Shot Blocked by Nick Suzuki.
6:55 of 1st period - Snap shot by Nick Suzuki.
6:55 of 1st period - Stopped by Vitek Vanecek without a rebound.
6:56 of 1st period - Nick Suzuki wins face-off versus Nico Sturm in Wranglers zone.
7:09 of 1st period - Snap shot by Barclay Goodrow.
7:09 of 1st period - Shot Misses the Net.
7:11 of 1st period - Slapshot by Nico Sturm.
7:11 of 1st period - Shot Blocked by Nick Suzuki.
7:13 of 1st period - Wrist shot by Erik Brannstrom.
7:13 of 1st period - Stopped by Justus Annunen with a rebound.
8:48 of 1st period - Wrist shot by Moritz Seider.
8:48 of 1st period - Stopped by Vitek Vanecek without a rebound.
8:49 of 1st period - Jacob De La Rose wins face-off versus Chandler Stephenson in Wranglers zone.
8:50 of 1st period - Backhand shot by Matias Maccelli.
8:50 of 1st period - Shot Blocked by Chandler Stephenson.
8:52 of 1st period - Wrist shot by Cole Caufield.
8:52 of 1st period - Shot Misses the Net.
8:56 of 1st period - Wrist shot by Cole Caufield.
8:56 of 1st period - Shot Blocked by Trevor Carrick.
9:43 of 1st period - Minor Penalty to Nick Blankenburg for Holding.
9:44 of 1st period - Nico Sturm wins face-off versus Jacob De La Rose in Rockets zone.
9:48 of 1st period - Wrist shot by Peter Cehlarik.
9:48 of 1st period - Goal by Peter Cehlarik - Wranglers : 1 - Rockets : 0.
9:49 of 1st period - Brady Tkachuk wins face-off versus Nico Sturm in neutral zone.
9:54 of 1st period - Icing by Nico Sturm.
9:55 of 1st period - Nico Sturm wins face-off versus Nick Suzuki in Wranglers zone.
10:27 of 1st period - Minor Penalty to Jesper Bratt for Holding.
10:28 of 1st period - Phillip Danault wins face-off versus Nick Suzuki in Wranglers zone.
10:34 of 1st period - Major / Game Misconduct Penalty to Moritz Seider for Butt-ending.
10:34 of 1st period - Moritz Seider is ejected from game.
10:35 of 1st period - Nick Suzuki wins face-off versus Nico Sturm in Rockets zone.
10:35 of 1st period - Nick Suzuki is hit by Peter Cehlarik.
10:47 of 1st period - Snap shot by Josh Anderson.
10:47 of 1st period - Stopped by Vitek Vanecek with a rebound.
10:49 of 1st period - Slapshot by Nick Blankenburg.
10:49 of 1st period - Shot Blocked by Peter Cehlarik.
10:51 of 1st period - Snap shot by Nick Suzuki.
10:51 of 1st period - Shot Blocked by Frank Corrado.
11:17 of 1st period - Brady Tkachuk is hit by Dominik Masin and loses puck.
11:24 of 1st period - Slapshot by Jacob Bryson.
11:24 of 1st period - Stopped by Vitek Vanecek with a rebound.
11:57 of 1st period - Jacob Larsson is hit by Chandler Stephenson and loses puck.
12:20 of 1st period - Phillip Danault is hit by Josh Anderson and loses puck.
12:27 of 1st period - Penalty to Jesper Bratt is over, Jesper Bratt is back on ice.
14:44 of 1st period - Josh Anderson is hit by Phillip Danault and loses puck.
15:01 of 1st period - Eric Karlsson is hit by Trevor Carrick and loses puck.
15:34 of 1st period - Penalty to Moritz Seider is over, Kirby Dach is send on ice.
16:11 of 1st period - Icing by Brandon Hickey.
16:12 of 1st period - Ryan Spooner wins face-off versus Nick Suzuki in Wranglers zone.
16:48 of 1st period - Jesper Bratt is hit by Jacob Larsson and loses puck.
17:18 of 1st period - Slapshot by Jacob De La Rose.
17:18 of 1st period - Goal by Jacob De La Rose - Wranglers : 1 - Rockets : 1.
17:19 of 1st period - Nico Sturm wins face-off versus Nick Suzuki in neutral zone.
17:28 of 1st period - Slapshot by Erik Brannstrom.
17:28 of 1st period - Shot Misses the Net.
17:30 of 1st period - Snap shot by Nico Sturm.
17:30 of 1st period - Shot Blocked by Nick Suzuki.
17:32 of 1st period - Snap shot by Erik Brannstrom.
17:32 of 1st period - Stopped by Justus Annunen with a rebound.
17:34 of 1st period - Wrist shot by Peter Cehlarik.
17:34 of 1st period - Stopped by Justus Annunen with a rebound.
17:36 of 1st period - Snap shot by Nico Sturm.
17:36 of 1st period - Deflect By Peter Cehlarik.
17:36 of 1st period - Shot Misses the Net.
17:36 of 1st period - Puck is out of play.
17:37 of 1st period - Chandler Stephenson wins face-off versus Jacob De La Rose in Rockets zone.
17:38 of 1st period - Backhand shot by Jesper Bratt.
17:38 of 1st period - Shot Misses the Net.
17:40 of 1st period - Slapshot by Frank Corrado.
17:40 of 1st period - Stopped by Justus Annunen with a rebound.
17:42 of 1st period - Wrist shot by Ryan Donato.
17:42 of 1st period - Shot Misses the Net.
17:46 of 1st period - Slapshot by Erik Brannstrom.
17:46 of 1st period - Shot Blocked by Matias Maccelli.
18:01 of 1st period - Icing by Jayden Struble.
18:02 of 1st period - Nick Suzuki wins face-off versus Nico Sturm in Rockets zone.
18:29 of 1st period - Minor Penalty to Ryan Donato for Slashing.
18:30 of 1st period - Ryan Spooner wins face-off versus Nick Suzuki in Wranglers zone.
19:45 of 1st period - Kirby Dach is hit by Peter Cehlarik and loses puck.
Goals for this period are 1 for Wranglers vs 1 for Rockets.
Shots for this period are 7 for Wranglers vs 9 for Rockets.
2nd period
0:01 of 2nd period - Nick Suzuki wins face-off versus Ryan Spooner in neutral zone.
0:29 of 2nd period - Penalty to Ryan Donato is over, Ryan Donato is back on ice.
0:52 of 2nd period - Snap shot by Chandler Stephenson.
0:52 of 2nd period - Shot Misses the Net.
1:22 of 2nd period - Snap shot by Vladislav Kamenev.
1:22 of 2nd period - Stopped by Justus Annunen with a rebound.
1:24 of 2nd period - Snap shot by Phillip Danault.
1:24 of 2nd period - Stopped by Justus Annunen without a rebound.
1:25 of 2nd period - Phillip Danault wins face-off versus Jacob De La Rose in Rockets zone.
1:28 of 2nd period - Wrist shot by Phillip Danault.
1:28 of 2nd period - Stopped by Justus Annunen without a rebound.
1:29 of 2nd period - Phillip Danault wins face-off versus Jacob De La Rose in Rockets zone.
1:51 of 2nd period - Phillip Danault is hit by Arber Xhekaj.
1:59 of 2nd period - Jacob De La Rose is hit by Christian Jaros and loses puck.
2:00 of 2nd period - Jacob De La Rose from Rockets is injured at 2:00 of 2nd period (Bruised Left Arm).
2:01 of 2nd period - Nick Suzuki wins face-off versus Nico Sturm in Rockets zone.
2:01 of 2nd period - Nick Suzuki is hit by Erik Brannstrom.
2:27 of 2nd period - Erik Brannstrom is hit by Nick Blankenburg and loses puck.
3:26 of 2nd period - Erik Brannstrom is hit by Brady Tkachuk and loses puck.
3:37 of 2nd period - Snap shot by Tanner Jeannot.
3:37 of 2nd period - Stopped by Justus Annunen without a rebound.
3:38 of 2nd period - Ryan Spooner wins face-off versus Nick Suzuki in Rockets zone.
3:52 of 2nd period - Minor Penalty to Ryan Spooner for High sticking.
3:53 of 2nd period - Nick Suzuki wins face-off versus Phillip Danault in Wranglers zone.
4:03 of 2nd period - Slapshot by Nick Suzuki.
4:03 of 2nd period - Stopped by Vitek Vanecek without a rebound.
4:04 of 2nd period - Nico Sturm wins face-off versus Nick Suzuki in Wranglers zone.
4:13 of 2nd period - Slapshot by Josh Anderson.
4:13 of 2nd period - Deflect By Cole Caufield.
4:13 of 2nd period - Stopped by Vitek Vanecek without a rebound.
4:14 of 2nd period - Nick Suzuki wins face-off versus Nico Sturm in Wranglers zone.
4:22 of 2nd period - Off-side.
4:23 of 2nd period - Phillip Danault wins face-off versus Nick Suzuki in neutral zone.
5:52 of 2nd period - Penalty to Ryan Spooner is over, Ryan Spooner is back on ice.
6:38 of 2nd period - Snap shot by Phillip Danault.
6:38 of 2nd period - Shot Misses the Net.
7:22 of 2nd period - Eric Karlsson is hit by Ryan Spooner and loses puck.
8:11 of 2nd period - Wrist shot by Ryan Spooner.
8:11 of 2nd period - Shot Misses the Net.
8:39 of 2nd period - Wrist shot by Peter Cehlarik.
8:39 of 2nd period - Stopped by Justus Annunen without a rebound.
8:40 of 2nd period - Nico Sturm wins face-off versus Nick Suzuki in Rockets zone.
8:45 of 2nd period - Slapshot by Nico Sturm.
8:45 of 2nd period - Stopped by Justus Annunen without a rebound.
8:46 of 2nd period - Chandler Stephenson wins face-off versus Zach Stepan in Rockets zone.
8:51 of 2nd period - Slapshot by Erik Brannstrom.
8:51 of 2nd period - Shot Misses the Net.
8:57 of 2nd period - Wrist shot by Tage Thompson.
8:57 of 2nd period - Shot Misses the Net.
8:59 of 2nd period - Snap shot by Alex Newhook.
8:59 of 2nd period - Shot Blocked by Jesper Bratt.
9:01 of 2nd period - Snap shot by Zach Stepan.
9:01 of 2nd period - Shot Misses the Net.
9:14 of 2nd period - Erik Brannstrom is hit by Arber Xhekaj and loses puck.
9:54 of 2nd period - Slapshot by Vitali Kravtsov.
9:54 of 2nd period - Stopped by Justus Annunen without a rebound.
9:55 of 2nd period - Kirby Dach wins face-off versus Nico Sturm in Rockets zone.
10:04 of 2nd period - Snap shot by Kirby Dach.
10:04 of 2nd period - Stopped by Vitek Vanecek with a rebound.
10:06 of 2nd period - Wrist shot by Eric Karlsson.
10:06 of 2nd period - Rockets goal is going for a video replay.
10:06 of 2nd period - The goal is good.
10:06 of 2nd period - Goal by Eric Karlsson - Wranglers : 1 - Rockets : 2.
10:07 of 2nd period - Nick Suzuki wins face-off versus Peter Cehlarik in neutral zone.
10:30 of 2nd period - Snap shot by Matias Maccelli.
10:30 of 2nd period - Stopped by Vitek Vanecek without a rebound.
10:31 of 2nd period - Nick Suzuki wins face-off versus Chandler Stephenson in Wranglers zone.
10:56 of 2nd period - Alex Newhook is hit by Nico Sturm.
11:22 of 2nd period - Snap shot by Alex Newhook.
11:22 of 2nd period - Shot Misses the Net.
11:30 of 2nd period - Wrist shot by Zach Stepan.
11:30 of 2nd period - Shot Misses the Net.
11:50 of 2nd period - Snap shot by Zach Stepan.
11:50 of 2nd period - Shot Misses the Net.
12:07 of 2nd period - Wrist shot by Alex Newhook.
12:07 of 2nd period - Shot Misses the Net.
12:09 of 2nd period - Wrist shot by Zach Stepan.
12:09 of 2nd period - Stopped by Vitek Vanecek without a rebound.
12:10 of 2nd period - Nick Suzuki wins face-off versus Nico Sturm in Wranglers zone.
13:02 of 2nd period - Dominik Masin is hit by Kirby Dach and loses puck.
13:36 of 2nd period - Snap shot by Chandler Stephenson.
13:36 of 2nd period - Stopped by Justus Annunen without a rebound.
13:37 of 2nd period - Nick Suzuki wins face-off versus Ryan Spooner in Rockets zone.
13:59 of 2nd period - Aliaksei Protas is hit by Chandler Stephenson.
14:27 of 2nd period - Peter Cehlarik is hit by Brady Tkachuk and loses puck.
14:56 of 2nd period - Snap shot by Cole Caufield.
14:56 of 2nd period - Stopped by Vitek Vanecek with a rebound.
15:02 of 2nd period - Snap shot by Nico Sturm.
15:02 of 2nd period - Stopped by Justus Annunen without a rebound.
15:03 of 2nd period - Chandler Stephenson wins face-off versus Zach Stepan in Rockets zone.
15:14 of 2nd period - Snap shot by Chandler Stephenson.
15:14 of 2nd period - Goal by Chandler Stephenson - Wranglers : 2 - Rockets : 2.
15:15 of 2nd period - Zach Stepan wins face-off versus Chandler Stephenson in neutral zone.
15:20 of 2nd period - Wrist shot by Nick Blankenburg.
15:20 of 2nd period - Deflect By Zach Stepan.
15:20 of 2nd period - Stopped by Vitek Vanecek with a rebound.
15:22 of 2nd period - Slapshot by Jacob Larsson.
15:22 of 2nd period - Shot Misses the Net.
15:28 of 2nd period - Slapshot by Jacob Larsson.
15:28 of 2nd period - Goal by Jacob Larsson - Wranglers : 2 - Rockets : 3.
15:29 of 2nd period - Nick Suzuki wins face-off versus Barclay Goodrow in neutral zone.
15:56 of 2nd period - Jacob Larsson is hit by Jesper Bratt and loses puck.
16:53 of 2nd period - Icing by Trevor Carrick.
16:54 of 2nd period - Nico Sturm wins face-off versus Brady Tkachuk in Wranglers zone.
17:07 of 2nd period - Jayden Struble is hit by Peter Cehlarik.
17:11 of 2nd period - Cole Caufield is hit by Nico Sturm and loses puck.
17:20 of 2nd period - Snap shot by Peter Cehlarik.
17:20 of 2nd period - Shot Blocked by Bowen Byram.
17:22 of 2nd period - Slapshot by Trevor Carrick.
17:22 of 2nd period - Stopped by Justus Annunen with a rebound.
17:24 of 2nd period - Slapshot by Trevor Carrick.
17:24 of 2nd period - Shot Blocked by Bowen Byram.
17:28 of 2nd period - Snap shot by Peter Cehlarik.
17:28 of 2nd period - Shot Misses the Net.
17:30 of 2nd period - Wrist shot by Nico Sturm.
17:30 of 2nd period - Stopped by Justus Annunen without a rebound.
17:31 of 2nd period - Chandler Stephenson wins face-off versus Tage Thompson in Rockets zone.
17:46 of 2nd period - Wrist shot by Zach Stepan.
17:46 of 2nd period - Stopped by Vitek Vanecek without a rebound.
17:47 of 2nd period - Nick Suzuki wins face-off versus Ryan Spooner in Wranglers zone.
17:52 of 2nd period - Slapshot by Brady Tkachuk.
17:52 of 2nd period - Stopped by Vitek Vanecek with a rebound.
18:14 of 2nd period - Matias Maccelli is hit by Nico Sturm and loses puck.
18:29 of 2nd period - Snap shot by Chandler Stephenson.
18:29 of 2nd period - Shot Blocked by Arber Xhekaj.
18:31 of 2nd period - Minor Penalty to Jacob Bryson for Roughing.
18:32 of 2nd period - Nick Suzuki wins face-off versus Nico Sturm in Rockets zone.
18:51 of 2nd period - Nick Blankenburg is hit by Nico Sturm and loses puck.
19:06 of 2nd period - Wrist shot by Chandler Stephenson.
19:06 of 2nd period - Shot Misses the Net.
19:30 of 2nd period - Arber Xhekaj is hit by Barclay Goodrow and loses puck.
Goals for this period are 1 for Wranglers vs 2 for Rockets.
Shots for this period are 12 for Wranglers vs 11 for Rockets.
3rd period
0:01 of 3rd period - Nico Sturm wins face-off versus Nick Suzuki in neutral zone.
0:31 of 3rd period - Penalty to Jacob Bryson is over, Jacob Bryson is back on ice.
1:34 of 3rd period - Wrist shot by Nick Suzuki.
1:34 of 3rd period - Shot Misses the Net.
1:36 of 3rd period - Wrist shot by Nick Suzuki.
1:36 of 3rd period - Shot Blocked by Brandon Hickey.
1:38 of 3rd period - Slapshot by Josh Anderson.
1:38 of 3rd period - Shot Misses the Net.
1:40 of 3rd period - Snap shot by Jacob Bryson.
1:40 of 3rd period - Stopped by Vitek Vanecek with a rebound.
1:58 of 3rd period - Vladislav Kamenev is hit by Nick Blankenburg and loses puck.
2:07 of 3rd period - Wrist shot by Phillip Danault.
2:07 of 3rd period - Shot Misses the Net.
2:39 of 3rd period - Slapshot by Vitali Kravtsov.
2:39 of 3rd period - Shot Misses the Net.
2:51 of 3rd period - Slapshot by Jacob Bryson.
2:51 of 3rd period - Stopped by Vitek Vanecek without a rebound.
2:52 of 3rd period - Nico Sturm wins face-off versus Brady Tkachuk in Wranglers zone.
2:56 of 3rd period - Off-side.
2:57 of 3rd period - Brady Tkachuk wins face-off versus Nico Sturm in neutral zone.
3:02 of 3rd period - Snap shot by Matias Maccelli.
3:02 of 3rd period - Deflect By Cole Caufield.
3:02 of 3rd period - Stopped by Vitek Vanecek without a rebound.
3:03 of 3rd period - Brady Tkachuk wins face-off versus Nico Sturm in Wranglers zone.
3:08 of 3rd period - Slapshot by Matias Maccelli.
3:08 of 3rd period - Shot Misses the Net.
3:29 of 3rd period - Ryan Donato is hit by Alex Newhook and loses puck.
3:44 of 3rd period - Minor Penalty to Jayden Struble for Tripping.
3:45 of 3rd period - Zach Stepan wins face-off versus Nico Sturm in Rockets zone.
3:53 of 3rd period - Off-side.
3:54 of 3rd period - Zach Stepan wins face-off versus Nico Sturm in neutral zone.
3:57 of 3rd period - Slapshot by Jacob Larsson.
3:57 of 3rd period - Shot Blocked by Erik Brannstrom.
4:04 of 3rd period - Off-side.
4:05 of 3rd period - Nico Sturm wins face-off versus Zach Stepan in neutral zone.
4:21 of 3rd period - Snap shot by Barclay Goodrow.
4:21 of 3rd period - Goal by Barclay Goodrow - Wranglers : 3 - Rockets : 3.
4:22 of 3rd period - Nico Sturm wins face-off versus Brady Tkachuk in neutral zone.
4:33 of 3rd period - Snap shot by Peter Cehlarik.
4:33 of 3rd period - Shot Misses the Net.
4:38 of 3rd period - Minor Penalty to Matias Maccelli for High sticking.
4:39 of 3rd period - Nico Sturm wins face-off versus Nick Suzuki in Rockets zone.
4:39 of 3rd period - Wrist shot by Peter Cehlarik.
4:39 of 3rd period - Shot Misses the Net.
4:41 of 3rd period - Snap shot by Peter Cehlarik.
4:41 of 3rd period - Goal by Peter Cehlarik - Wranglers : 4 - Rockets : 3.
4:42 of 3rd period - Nick Suzuki wins face-off versus Nico Sturm in neutral zone.
6:13 of 3rd period - Wrist shot by Vitali Kravtsov.
6:13 of 3rd period - Shot Misses the Net.
6:15 of 3rd period - Slapshot by Vitali Kravtsov.
6:15 of 3rd period - Stopped by Justus Annunen without a rebound.
6:16 of 3rd period - Chandler Stephenson wins face-off versus Kirby Dach in Rockets zone.
6:29 of 3rd period - Snap shot by Jesper Bratt.
6:29 of 3rd period - Shot Misses the Net.
6:47 of 3rd period - Eric Karlsson is hit by Barclay Goodrow and loses puck.
7:07 of 3rd period - Phillip Danault is hit by Aliaksei Protas and loses puck.
7:30 of 3rd period - Snap shot by Eric Karlsson.
7:30 of 3rd period - Stopped by Vitek Vanecek with a rebound.
7:41 of 3rd period - Snap shot by Phillip Danault.
7:41 of 3rd period - Stopped by Justus Annunen with a rebound.
7:43 of 3rd period - Slapshot by Dominik Masin.
7:43 of 3rd period - Stopped by Justus Annunen with a rebound.
7:45 of 3rd period - Slapshot by Dominik Masin.
7:45 of 3rd period - Goal by Dominik Masin - Wranglers : 5 - Rockets : 3.
7:46 of 3rd period - Nick Suzuki wins face-off versus Nico Sturm in neutral zone.
7:51 of 3rd period - Snap shot by Peter Cehlarik.
7:51 of 3rd period - Deflect By Nico Sturm.
7:51 of 3rd period - Shot Misses the Net.
7:51 of 3rd period - Puck is out of play.
7:52 of 3rd period - Nick Suzuki wins face-off versus Nico Sturm in Rockets zone.
8:08 of 3rd period - Slapshot by Nico Sturm.
8:08 of 3rd period - Goal by Nico Sturm - Wranglers : 6 - Rockets : 3.
8:08 of 3rd period - Pyotr Kochetkov enters game.
8:09 of 3rd period - Nico Sturm wins face-off versus Nick Suzuki in neutral zone.
9:01 of 3rd period - Snap shot by Kirby Dach.
9:01 of 3rd period - Stopped by Vitek Vanecek with a rebound.
9:39 of 3rd period - Wrist shot by Peter Cehlarik.
9:39 of 3rd period - Shot Blocked by Arber Xhekaj.
10:02 of 3rd period - Snap shot by Chandler Stephenson.
10:02 of 3rd period - Shot Misses the Net.
10:04 of 3rd period - Slapshot by Ryan Donato.
10:04 of 3rd period - Shot Misses the Net.
10:06 of 3rd period - Snap shot by Ryan Donato.
10:06 of 3rd period - Stopped by Pyotr Kochetkov with a rebound.
10:19 of 3rd period - Snap shot by Nick Suzuki.
10:19 of 3rd period - Shot Misses the Net.
11:07 of 3rd period - Snap shot by Eric Karlsson.
11:07 of 3rd period - Shot Hit the Post.
11:15 of 3rd period - Slapshot by Aliaksei Protas.
11:15 of 3rd period - Shot Blocked by Dominik Masin.
11:17 of 3rd period - Wrist shot by Eric Karlsson.
11:17 of 3rd period - Stopped by Vitek Vanecek with a rebound.
11:19 of 3rd period - Slapshot by Arber Xhekaj.
11:19 of 3rd period - Deflect By Eric Karlsson.
11:19 of 3rd period - Stopped by Vitek Vanecek with a rebound.
11:29 of 3rd period - Wrist shot by Eric Karlsson.
11:29 of 3rd period - Deflect By Kirby Dach.
11:29 of 3rd period - Stopped by Vitek Vanecek without a rebound.
11:30 of 3rd period - Nick Suzuki wins face-off versus Chandler Stephenson in Wranglers zone.
12:18 of 3rd period - Bowen Byram is hit by Phillip Danault and loses puck.
12:51 of 3rd period - Icing by Christian Jaros.
12:52 of 3rd period - Nick Suzuki wins face-off versus Tanner Jeannot in Wranglers zone.
12:52 of 3rd period - Nick Suzuki is hit by Trevor Carrick.
13:02 of 3rd period - Slapshot by Ryan Spooner.
13:02 of 3rd period - Goal by Ryan Spooner - Wranglers : 7 - Rockets : 3.
13:03 of 3rd period - Nick Suzuki wins face-off versus Nico Sturm in neutral zone.
13:19 of 3rd period - Snap shot by Josh Anderson.
13:19 of 3rd period - Stopped by Vitek Vanecek with a rebound.
13:54 of 3rd period - Snap shot by Ryan Spooner.
13:54 of 3rd period - Stopped by Pyotr Kochetkov without a rebound.
13:55 of 3rd period - Brady Tkachuk wins face-off versus Nico Sturm in Rockets zone.
14:25 of 3rd period - Wrist shot by Jesper Bratt.
14:25 of 3rd period - Shot Blocked by Tage Thompson.
15:09 of 3rd period - Snap shot by Vitali Kravtsov.
15:09 of 3rd period - Deflect By Nick Suzuki.
15:09 of 3rd period - Shot Misses the Net.
15:09 of 3rd period - Puck is out of play.
15:10 of 3rd period - Nico Sturm wins face-off versus Nick Suzuki in Rockets zone.
15:13 of 3rd period - Snap shot by Peter Cehlarik.
15:13 of 3rd period - Shot Blocked by Nick Blankenburg.
15:15 of 3rd period - Slapshot by Christian Jaros.
15:15 of 3rd period - Shot Blocked by Josh Anderson.
15:17 of 3rd period - Wrist shot by Barclay Goodrow.
15:17 of 3rd period - Stopped by Pyotr Kochetkov without a rebound.
15:18 of 3rd period - Nick Suzuki wins face-off versus Nico Sturm in Rockets zone.
15:18 of 3rd period - Nick Suzuki is hit by Barclay Goodrow.
15:21 of 3rd period - Minor Penalty to Nick Suzuki for Tripping.
15:22 of 3rd period - Zach Stepan wins face-off versus Nico Sturm in Rockets zone.
15:22 of 3rd period - Zach Stepan is hit by Erik Brannstrom.
15:49 of 3rd period - Josh Anderson is hit by Chandler Stephenson and loses puck.
17:21 of 3rd period - Penalty to Nick Suzuki is over, Nick Suzuki is back on ice.
17:47 of 3rd period - Cole Caufield is hit by Ryan Spooner and loses puck.
18:36 of 3rd period - Kirby Dach is hit by Vitali Kravtsov.
Goals for this period are 5 for Wranglers vs 0 for Rockets.
Shots for this period are 11 for Wranglers vs 9 for Rockets.
Output by the SimonT Hockey Simulator (STHS) for Francois Prevost